 Dungeon Crawl Stone Soup version 0.18-a0-918-g58938db (webtiles) character file.

13064 Morbidden the Destroyer (level 11, -3/83 HPs)
             Began as a Mottled Draconian Wizard on Dec 27, 2015.
             Was a Priest of Ru.
             Slain by a spiny frog (6 damage)
             ... on level 2 of the Lair of Beasts.
             The game lasted 01:34:49 (17946 turns).

Morbidden the Destroyer (Mottled Draconian Wizard) Turns: 17946, Time: 01:34:50

Health: -3/83      AC:  8    Str: 11    XL:     11   Next: 70%
Magic:  18/24      EV: 13    Int: 21    God:    Ru [***...]
Gold:   701        SH:  0    Dex:  9    Spells: 5 memorised, 13 levels left

rFire  . . .     SeeInvis .     l - +3 scimitar
rCold  . . .     Gourm    .     (armour unavailable)
rNeg   . . .     Faith    +     (no shield)
rPois  .         Spirit   .     i - +0 hat
rElec  .         Dismiss  .     (no cloak)
rCorr  .         Reflect  .     u - +0 pair of gloves
SustAt .         Harm     .     (no boots)
MR     .....                    k - amulet of faith
Stlth  ++........               (no ring)
                                (no ring)

@: lethally poisoned (-3 -> -32), repel missiles, not resistant to hostile
enchantments, unstealthy
A: breathe sticky flame splash, unfitting armour, cold-blooded, inability to use
devices, AC +7
a: Breathe Sticky Flame, Draw Out Power, Renounce Religion


You were on level 2 of the Lair of Beasts.
You worshipped Ru.
Ru was most pleased with you.
You were very hungry.

You visited 2 branches of the dungeon, and saw 12 of its levels.

You collected 701 gold pieces.

Inventory:

Hand Weapons
 l - a +3 scimitar (weapon)
Armour
 i - a +0 hat (worn)
 u - a +0 pair of gloves (worn)
Jewellery
 k - an amulet of faith (around neck)
 p - an uncursed ring of wizardry {unknown}
 s - a cursed ring of wizardry {unknown}
 w - an uncursed amulet of dismissal
Scrolls
 d - 2 scrolls of enchant weapon
 e - 5 scrolls of remove curse
 g - 3 scrolls of amnesia
 o - 3 scrolls of teleportation
 y - a scroll of immolation
 C - 3 scrolls of identify
Potions
 f - 3 potions of curing
 j - 2 potions of magic
 m - a potion of poison
 q - a potion of heal wounds
 r - a potion of agility
Books
 a - a book of Ice

   Spells                             Type                      Level
   a - Ice Form                       Ice/Transmutation            4
   b - Metabolic Englaciation         Hexes/Ice                    5
   c - Ozocubu's Refrigeration        Ice                          6
   d - Bolt of Cold                   Conjuration/Ice              6
   e - Freezing Cloud                 Conjuration/Ice/Air          6
   f - Simulacrum                     Ice/Necromancy               6
 b - a book of Minor Magic

   Spells                             Type                      Level
   a - Magic Dart                     Conjuration                  1
   b - Blink                          Translocation                2
   c - Call Imp                       Summoning                    2
   d - Repel Missiles                 Charms/Air                   2
   e - Slow                           Hexes                        2
   f - Conjure Flame                  Conjuration/Fire             3
   g - Mephitic Cloud                 Conjuration/Poison/Air       3
 h - the Guide on Bewitchment
   (You found it on level 4 of the Dungeon)

   Spells                             Type                      Level
   a - Corona                         Hexes                        1
   b - Tukima's Dance                 Hexes                        3
   c - Metabolic Englaciation         Hexes/Ice                    5
   d - Summon Mana Viper              Hexes/Summoning              5
 n - a book of Enchantments

   Spells                             Type                      Level
   a - Cause Fear                     Hexes                        4
   b - Yara's Violent Unravelling     Hexes/Transmutation          5
   c - Silence                        Hexes/Air                    5
   d - Deflect Missiles               Charms/Air                   6
   e - Haste                          Charms                       6
   f - Discord                        Hexes                        8
Comestibles
 c - 7 bread rations
 t - 4 royal jellies
 x - a beef jerky
 B - 6 fruits


   Skills:
 + Level 3.7 Fighting
 + Level 4.4 Dodging
 - Level 1.7 Stealth
 - Level 9.0 Spellcasting
 + Level 13.4 Conjurations
   Level 1.0 Summonings
   Level 1.0 Translocations
 - Level 2.5 Fire Magic
 * Level 3.9 Ice Magic
 - Level 4.2 Air Magic
 - Level 2.0 Poison Magic


You had 13 spell levels left.
You knew the following spells:

 Your Spells              Type           Power        Failure   Level  Hunger
a - Magic Dart            Conj           ####         1%          1    None
b - Conjure Flame         Conj/Fire      #####...     1%          3    None
c - Mephitic Cloud        Conj/Pois/Air  #####...     1%          3    None
d - Repel Missiles        Chrm/Air       ###...       6%          2    None
e - Bolt of Cold          Conj/Ice       #####.....   38%         6    ######.


Dungeon Overview and Level Annotations

Branches:
Dungeon (10/15)            Temple (0/1) D:4            Lair (2/8) D:10
    Orc (0/2) D:9

Altars:
Ashenzari
Elyvilon
Gozag
Kikubaaqudgha
Makhleb
Okawaru
Pakellas
Qazlal
Ru
Trog
The Shining One

Shops:
D:7 }   D:10 ?


Innate Abilities, Weirdness & Mutations

You can spit globs of burning liquid.
You can ignite nearby creatures when you spit burning liquid.
Your weird mottled scales are hard (AC +7).
Your body does not fit into most forms of armour.
You are cold-blooded and may be slowed by cold attacks.
You cannot study or use magical devices.


Message History

Press: ? - help, Shift-Dir - straight line, f/p - spiny frog
Aim: a spiny frog (moderately wounded)
The magic dart hits the spiny frog.
The spiny frog is moderately wounded.
You feel sick. The spiny frog stings you!!
* * * LOW HITPOINT WARNING * * *
You are more poisoned.
The spiny frog poisons you!
Casting: Magic Dart
Confirm with . or Enter, or press ? or * to list all spells.
Aiming: Magic Dart
Press: ? - help, Shift-Dir - straight line, f/p - spiny frog
Aim: a spiny frog (moderately wounded)
The magic dart hits the spiny frog.
The spiny frog is moderately wounded.
* * * LOW HITPOINT WARNING * * *
You feel very sick.
The spiny frog stings you but does no damage.
The spiny frog stings you.
You die...

...........##
..........?.###
.............P#
.............##
..............#
...............
...............
.......@F.§....
........§§§....
........§......
...............
...............
...............
...............
.##..##.##P..#.


You could see a spiny frog.

Vanquished Creatures
  Pikel (D:6)
  2 hill giants (D:10)
  A deep elf mage (D:10)
  A spiny frog (Lair:1)
  A komodo dragon (Lair:1)
  A troll (D:9)
  A two-headed ogre (D:10)
  Prince Ribbit (D:6)
  Grinder (D:6)
  5 blink frogs (Lair:1)
  A trapdoor spider (D:10)
  9 yaks (D:10)
  Sigmund (D:5)
  4 hungry ghosts
  2 hippogriffs
  3 wargs
  Edmund (D:5)
  A porcupine (Lair:1)
  2 sky beasts
  3 ice beasts
  A wasp (D:9)
  A slave (D:6)
  An orc warrior (D:7)
  2 eyes of draining
  4 crocodiles (Lair:1)
  4 ogres
  The ghost of Leszczynek the Slasher, an amateur HESk (D:4)
  2 phantoms
  9 centaurs
  Blork the orc (D:6)
  6 giant frogs
  A water moccasin zombie (D:9)
  2 big kobolds
  A gnoll sergeant (D:8)
  6 scorpions
  4 spriggan skeletons (D:10)
  17 wights
  2 crimson imps (D:5)
  2 giant frog skeletons
  3 iguanas
  A quasit (D:8)
  4 jellies
  7 orc priests
  5 hounds
  5 centaur skeletons
  11 orc wizards
  10 worker ants
  A worker ant zombie (D:5)
  27 river rats
  8 adders
  11 gnolls
  3 shadow imps (D:5)
  3 oozes
  An adder skeleton (D:9)
  2 worms
  31 orcs
  4 bats
  4 giant cockroaches
  3 goblins
  8 hobgoblins
  8 jackals
  12 kobolds
  3 quokkas
  2 ball pythons (D:1)
  7 giant geckos
  3 giant newts
  3 quokka skeletons
  6 rats
  A plant (Lair:1)
306 creatures vanquished.

Vanquished Creatures (others)
  A water moccasin (D:9)
  3 slaves (D:6)
  A river rat (Lair:1)
5 creatures vanquished.

Grand Total: 311 creatures vanquished

Notes
Turn   | Place    | Note
--------------------------------------------------------------
     0 | D:1      | Morbidden the Draconian Wizard began the quest for the Orb.
     0 | D:1      | Reached XP level 1. HP: 14/14 MP: 4/4
   196 | D:1      | Reached XP level 2. HP: 15/20 MP: 1/6
  1203 | D:2      | Found a shattered altar of Ashenzari.
  1380 | D:2      | Reached XP level 3. HP: 26/26 MP: 0/7
  1501 | D:2      | Found a sacrificial altar of Ru.
  1517 | D:2      | Became a worshipper of Ru the Awakened
  1898 | D:2      | Reached XP level 4. HP: 27/33 MP: 1/8
  2018 | D:2      | Reached skill level 4 in Conjurations
  2024 | D:2      | Found a burning altar of Makhleb.
  2362 | D:3      | Found a bloodstained altar of Trog.
  2624 | D:3      | Reached skill level 5 in Conjurations
  2624 | D:3      | Reached XP level 5. HP: 36/38 MP: 0/9
  2842 | D:3      | Found a stormy altar of Qazlal.
  2970 | D:3      | Found an iron altar of Okawaru.
  2978 | D:3      | Gained mutation: You cannot study or use magical devices. [Ru sacrifice]
  2978 | D:3      | Reached * piety under Ru
  2978 | D:3      | Reached ** piety under Ru
  2978 | D:3      | Reached *** piety under Ru
  3134 | D:4      | Reached skill level 6 in Conjurations
  3134 | D:4      | Reached XP level 6. HP: 31/45 MP: 4/10
  3297 | D:4      | Found a staircase to the Ecumenical Temple.
  3324 | D:4      | Learned a level 3 spell: Conjure Flame
  3328 | D:4      | Learned a level 3 spell: Mephitic Cloud
  3398 | D:4      | Your scales start taking on a weird mottled colour.
  3398 | D:4      | Reached XP level 7. HP: 38/50 MP: 4/12
  3507 | D:4      | Reached skill level 1 in Air Magic
  3522 | D:4      | Identified the Guide on Bewitchment
  3534 | D:4      | Reached skill level 1 in Fire Magic
  3605 | D:4      | Reached skill level 7 in Conjurations
  3623 | D:4      | Noticed Leszczynek's ghost (amateur HESk)
  3852 | D:4      | Killed Leszczynek's ghost
  4179 | D:4      | Found a white marble altar of Elyvilon.
  4218 | D:5      | Entered Level 5 of the Dungeon
  4313 | D:5      | Reached skill level 8 in Conjurations
  4635 | D:5      | Reached XP level 8. HP: 57/57 MP: 0/14
  5110 | D:5      | Reached skill level 9 in Conjurations
  5124 | D:5      | Noticed Sigmund
  5139 | D:5      | Killed Sigmund
  5139 | D:5      | Reached skill level 5 in Spellcasting
  5420 | D:5      | Found a glowing golden altar of the Shining One.
  5421 | D:5      | Found an ancient bone altar of Kikubaaqudgha.
  5581 | D:6      | Noticed Edmund
  5620 | D:5      | Killed Edmund
  5718 | D:5      | Learned a level 2 spell: Repel Missiles
  5734 | D:6      | Reached skill level 10 in Conjurations
  5790 | D:6      | Noticed Grinder
  5790 | D:6      | Paralysed by Grinder for 6 turns
  5808 | D:6      | Killed Grinder
  5808 | D:6      | Reached skill level 1 in Poison Magic
  5808 | D:6      | Reached XP level 9. HP: 47/62 MP: 0/17
  5934 | D:6      | Noticed Blork the orc
  5989 | D:6      | Killed Blork the orc
  6152 | D:6      | Noticed Pikel
  6155 | D:6      | Killed Pikel
  6345 | D:6      | Noticed Prince Ribbit
  6563 | D:6      | Killed Prince Ribbit
  6901 | D:6      | Reached skill level 11 in Conjurations
  7927 | D:7      | Reached XP level 10. HP: 70/70 MP: 1/20
  8494 | D:7      | Found an oddly glowing altar of Pakellas.
  8494 | D:7      | Found Pakellas's Prime Provisions.
  9054 | D:8      | Found an opulent altar of Gozag.
  9978 | D:8      | Reached skill level 1 in Fighting
 10408 | D:9      | Paralysed by a wasp for 1 turns
 10574 | D:9      | Reached skill level 12 in Conjurations
 11674 | D:9      | Found a staircase to the Orcish Mines.
 12172 | D:10     | Entered Level 10 of the Dungeon
 12204 | D:10     | Noticed a deep elf mage
 12472 | D:10     | Found Zilif's Magic Scroll Shoppe.
 12489 | D:10     | Learned a level 6 spell: Bolt of Cold
 12523 | D:10     | Noticed a hill giant
 12553 | D:10     | Killed a hill giant
 12740 | D:10     | Reached skill level 1 in Ice Magic
 13241 | D:10     | Reached XP level 11. HP: 45/81 MP: 9/23
 13557 | D:10     | Found a staircase to the Lair.
 13638 | Lair:1   | Entered Level 1 of the Lair of Beasts
 15989 | D:10     | Reached skill level 13 in Conjurations
 16160 | D:10     | Noticed a hill giant
 16484 | D:10     | Killed a hill giant
 17946 | Lair:2   | HP: 3/83 [poisoned by a spiny frog]
 17946 | Lair:2   | Slain by a spiny frog

Vault maps used:
D:1:      noname_arrival_rooms_in_the_neighbourhood
D:2:      nicolae_ru_awakened_eye, nicolae_overflow_crystal_walls,
          makhleb_heckhound_becter, first_bread
D:3:      lemuel_doored_altar, okawaru_trees_2, nicolae_qazlal_general_emergency
D:4:      kennysheep_little_box, minmay_temple_entry_hall
D:5:      gammafunk_temple_overflow_pools, minivault_24,
          minmay_misc_feat_rugged, minmay_misc_feat_enclosed, uniq_sigmund
D:6:      uniq_grinder, uniq_pikel, uniq_blork_the_orc, uniq_prince_ribbit1,
          uniq_edmund
D:7:      johnstein_pakellas_shop
D:8:      basic_altar
D:10:     erik_lair_orcish_takeover, serial_shops, shop, hangedman_tell_no_tales
Lair:2:   beast_lair_carwin_10

Action                   |  1- 3 |  4- 6 |  7- 9 | 10-12 || total
-------------------------+-------+-------+-------+-------++-------
Melee: Unarmed           |    50 |       |       |       ||    50
       Quarterstaff      |       |    37 |   187 |    77 ||   301
       Scimitar          |       |       |       |   249 ||   249
 Cast: Magic Dart        |    87 |    89 |   268 |   652 ||  1096
       Mephitic Cloud    |       |     1 |    30 |    88 ||   119
       Conjure Flame     |       |       |     8 |    32 ||    40
       Repel Missiles    |       |       |     1 |     1 ||     2
Invok: Sacrifice Artific |       |     1 |       |       ||     1
       Draw Out Power    |       |     3 |     1 |    11 ||    15
       Reject Sacrifices |       |       |     1 |     1 ||     2
 Abil: Breathe Sticky Fl |       |       |    23 |    22 ||    45
  Use: Scroll            |       |     5 |     5 |    13 ||    23
       Potion            |       |     6 |       |     5 ||    11
 Stab: Sleeping          |       |     1 |       |       ||     1
       Confused          |       |       |     4 |     7 ||    11
       Invisible         |       |       |     4 |     1 ||     5
  Eat: Meat ration       |     1 |       |     1 |     2 ||     4
       Chunk             |       |     2 |    12 |    25 ||    39
       Beef jerky        |       |       |     1 |     2 ||     3
       Fruit             |       |       |       |     6 ||     6
       Bread ration      |       |       |       |     4 ||     4
